 Dungeon Crawl Stone Soup version 0.23-a0-241-g3b46b07 (webtiles) character file.

2594 tilp the Nimble (level 9, -2/69 HPs)
             Began as a Merfolk Ice Elementalist on Sept 26, 2018.
             Was a Follower of Makhleb.
             Slain by a centaur (8 damage)
             ... on level 8 of the Dungeon.
             The game lasted 00:23:21 (6986 turns).

tilp the Nimble (Merfolk Ice Elementalist)          Turns: 6986, Time: 00:23:22

Health: -2/69      AC:  7    Str:  9    XL:     9   Next: 58%
Magic:  18/18      EV: 16    Int: 19    God:    Makhleb [*.....]
Gold:   425        SH:  0    Dex: 14    Spells: 2/20 levels left

rFire    + . .     SeeInvis .   t - +2 dagger (elec)
rCold    . . .     Gourm    .   (no shield)
rNeg     . . .     Faith    .   h - +2 leather armour {rF+}
rPois    .         Spirit   .   G - +0 helmet
rElec    .         Reflect  .   (no cloak)
rCorr    .         Harm     .   v - +0 pair of gloves
MR       .....                  (no boots)
Stlth    ++........             (no amulet)
HPRegen  0.21/turn              o - +2 ring of intelligence
MPRegen  0.16/turn              q - +2 ring of slaying

@: lethally poisoned (-2 -> -3)
A: change form in water, swift swim, stealthy swim
a: Renounce Religion


You were on level 8 of the Dungeon.
You worshipped Makhleb.
Makhleb was aware of your devotion.
You were not hungry.

You visited 2 branches of the dungeon, and saw 9 of its levels.

You collected 425 gold pieces.

Inventory:

Hand Weapons
 j - a +1 halberd of holy wrath
 m - a +0 hunting sling
 r - a +2 short sword of speed
 t - a +2 dagger of electrocution (weapon)
 C - a +0 trident
Missiles
 b - 289 stones
 f - 4 needles of sleeping
 n - 76 sling bullets
 y - 6 tomahawks (quivered)
Armour
 a - a +0 robe
 h - a +2 leather armour of fire resistance (worn)
 v - a +0 pair of gloves (worn)
 G - a +0 helmet (worn)
Jewellery
 o - a +2 ring of intelligence (left hand)
 q - a +2 ring of slaying (right hand)
Scrolls
 g - 3 scrolls of enchant weapon
 i - a scroll of torment {unknown}
 w - a scroll of teleportation {unknown}
 E - 2 scrolls of blinking {unknown}
 H - 2 scrolls of remove curse
Potions
 d - 2 potions of haste
 e - 2 potions of agility
 k - 2 potions of brilliance
 l - a potion of mutation {unknown}
 p - a potion of magic
 u - 6 potions of flight
 x - a potion of heal wounds
 z - a potion of curing
 A - 2 potions of ambrosia {unknown}
 B - a potion of lignification {unknown}
 F - a potion of resistance {unknown}
Comestibles
 c - 13 rations
 s - 6 chunks of flesh


   Skills:
 + Level 5.7 Fighting
 - Level 8.0 Dodging
 - Level 2.1 Stealth
 - Level 6.0 Spellcasting
 - Level 2.5 Conjurations
 - Level 4.1 Charms
 + Level 7.2 Ice Magic


You had 2 spell levels left.
You knew the following spells:

 Your Spells              Type           Power        Failure   Level  Hunger
a - Freeze                Ice            ####         1%          1    None
b - Throw Frost           Conj/Ice       ###...       3%          2    None
c - Ozocubu's Armour      Chrm/Ice       ####....     4%          3    ##.....
d - Throw Icicle          Conj/Ice       ###.....     22%         4    ####...
e - Conjure Flame         Conj/Fire      ##......     28%         3    ##.....
f - Mephitic Cloud        Conj/Pois/Air  #.......     32%         3    ##.....
g - Blink                 Tloc           N/A          24%         2    None

Your spell library contained the following spells:

 Spells                   Type           Power        Failure   Level  Hunger
 Magic Dart               Conj           ###.         5%          1    None
 Call Imp                 Summ           #.......     24%         2    None
 Slow                     Hex            #.......     24%         2    None
 Summon Ice Beast         Ice/Summ       ###.....     34%         4    ####...


Dungeon Overview and Level Annotations

Branches:
Dungeon (8/15)             Temple (1/1) D:7
   Lair: D:8-11

Altars:
Ashenzari
Fedhas
Gozag
Kikubaaqudgha
Makhleb
Nemelex Xobeh
Okawaru
Qazlal
Vehumet
Yredelemnul

Annotations:
D:3 Grinder, Sigmund
D:7 2 runed doors, HydraWiggins's ghost, novice OgAE


Message History

The kobold is moderately wounded.
You feel sick. The bullfrog barely misses you.
The adder bites you but does no damage. The kobold closely misses you.
The two-headed ogre closely misses you.
The two-headed ogre hits you with a giant club!
The bullfrog hits you but does no damage.
The orc hits you but does no damage. The adder bites you but does no damage.
The big kobold barely misses you. The centaur hits you.
The kobold shoots a bolt.
The bolt closely misses you.
You feel sick.
The centaur wields a shortbow.
The centaur shoots an arrow.
The arrow barely misses you.
The kobold shoots a bolt.
The bolt closely misses you.
You barely miss the centaur. The big kobold barely misses you.
The adder closely misses you. The kobold barely misses you.
The centaur unwields an uncursed shortbow.
The centaur hits you. The two-headed ogre barely misses you.
The two-headed ogre hits you with a giant club!
* * * LOW HITPOINT WARNING * * *
The centaur hits you!
You die...

#############
##(....#.$...###
##......(........
#................
#................
########..(...O....)....
.........o.>.F.S@.......
####>>.......oKKcK......
#........(.oK........
.....#.....(..<.........
.....#.........#.......#
.....#....#######..#####
.....#....# .##
.....#....# .#
..........#


You could see a two-headed ogre, a big kobold, a bullfrog, a centaur, an orc
priest, an orc wizard, an adder, an orc and 3 kobolds.

Vanquished Creatures
  Pikel (D:5)
  A hippogriff (D:7)
  An orc warrior (D:4)
  A sky beast (D:6)
  3 slaves (D:5)
  A black bear (D:6)
  An ogre (D:7)
  2 centaurs
  6 bullfrogs
  A water moccasin skeleton (D:7)
  2 scorpions
  6 killer bees (D:7)
  2 howler monkeys (D:7)
  A jelly (D:6)
  2 crimson imps
  2 orc priests
  2 bullfrog skeletons
  A hound (D:4)
  An iguana (D:5)
  3 worker ants
  3 gnolls
  5 adders
  A shadow imp (D:6)
  2 adder skeletons
  4 worms
  2 dart slugs (D:1)
  7 leopard geckos
  13 orcs
  9 giant cockroaches
  11 goblins
  7 hobgoblins
  18 jackals
  6 kobolds
  4 quokkas
  2 ball pythons
  7 bats
  6 frilled lizards
  3 quokka zombies
  9 rats
159 creatures vanquished.

Notes
Turn   | Place    | Note
-------+----------+-------------------------------------------
     0 | D:1      | tilp the Merfolk Ice Elementalist began the quest for the
                  | Orb.
     0 | D:1      | Reached XP level 1. HP: 13/13 MP: 3/3
   441 | D:1      | Reached XP level 2. HP: 19/19 MP: 5/5
   445 | D:1      | Learned a level 2 spell: Throw Frost
   784 | D:1      | Reached XP level 3. HP: 22/24 MP: 6/6
   789 | D:1      | Learned a level 3 spell: Ozocubu's Armour
  1165 | D:2      | Reached skill level 5 in Ice Magic
  1324 | D:1      | Reached XP level 4. HP: 28/30 MP: 2/7
  2008 | D:3      | Noticed Sigmund
  2257 | D:3      | Reached XP level 5. HP: 36/36 MP: 4/8
  2309 | D:3      | Reached skill level 1 in Fighting
  2309 | D:3      | Reached skill level 3 in Dodging
  2373 | D:3      | Noticed Grinder
  2376 | D:3      | Paralysed by Grinder for 4 turns
  2881 | D:4      | Noticed an orc warrior
  2958 | D:4      | Killed an orc warrior
  2958 | D:4      | Reached skill level 4 in Dodging
  2958 | D:4      | Reached XP level 6. HP: 46/46 MP: 0/9
  3145 | D:4      | Reached skill level 5 in Dodging
  3426 | D:2      | Found an iron altar of Okawaru.
  3643 | D:5      | Entered Level 5 of the Dungeon
  3865 | D:5      | Reached XP level 7. HP: 51/53 MP: 10/10
  4007 | D:5      | Reached skill level 6 in Dodging
  4544 | D:5      | Noticed Pikel
  4592 | D:5      | Killed Pikel
  4592 | D:5      | Reached XP level 8. HP: 42/60 MP: 0/13
  4776 | D:5      | Found an iron altar of Okawaru.
  5329 | D:6      | Found a shattered altar of Ashenzari.
  5333 | D:6      | Reached skill level 5 in Spellcasting
  5599 | D:6      | Learned a level 4 spell: Throw Icicle
  5603 | D:6      | Learned a level 3 spell: Conjure Flame
  5607 | D:6      | Learned a level 3 spell: Mephitic Cloud
  5610 | D:6      | Learned a level 2 spell: Blink
  5698 | D:6      | Reached XP level 9. HP: 65/65 MP: 9/18
  5821 | D:7      | Found a staircase to the Ecumenical Temple.
  5830 | Temple   | Entered the Ecumenical Temple
  5896 | Temple   | Became a worshipper of Makhleb the Destroyer
  6087 | D:7      | Found a large runed door.
  6088 | D:7      | Found a large runed door.
  6094 | D:7      | Noticed HydraWiggins's ghost (novice OgAE)
  6137 | D:7      | Reached skill level 7 in Dodging
  6259 | D:7      | Reached skill level 5 in Fighting
  6696 | D:7      | Reached skill level 8 in Dodging
  6858 | D:7      | Found an iron altar of Okawaru.
  6871 | D:7      | Reached * piety under Makhleb
  6951 | D:7      | You fall through a shaft!
  6953 | D:8      | Noticed a two-headed ogre
  6986 | D:8      | Slain by a centaur

Vault maps used:
D:1:      dpeg_arrival_snail
D:2:      lemuel_upstairs_altar
D:3:      first_ration, uniq_grinder, uniq_sigmund
D:5:      kennysheep_little_box, uniq_pikel
D:6:      minmay_opposing_rooms, hangedman_feature_mirror,
          palyth_stone_intersect
D:7:      temple_pool_b, ebering_ghost_disaster_area,
          kennysheep_okawaru_gauntlet
D:8:      cheibrodos_histonic, grunt_pizzeria
Temple:   roderic_octagonal_lattice_temple

Skill      XL: |  1  2  3  4  5  6  7  8  9 |
---------------+----------------------------+-----
Ice Magic      | 4 5 6 7 |  7.2
Fighting       | 2 3 4 5 |  5.7
Dodging        | 4 5 6 8 |  8.0
Spellcasting   | 3 6 |  6.0
Conjurations   | 2 |  2.5
Charms         | 3 4 |  4.1
Stealth        | |  2.1

Action                   |  1- 3 |  4- 6 |  7- 9 || total
-------------------------+-------+-------+-------++-------
Melee: Dagger            |    24 |    80 |   232 ||   336
       Tailslap          |       |       |     1 ||     1
Throw: Javelin           |     3 |     9 |       ||    12
       Stone             |     2 |     1 |       ||     3
       Tomahawk          |       |       |     1 ||     1
 Cast: Freeze            |    50 |    80 |    70 ||   200
       Throw Frost       |     1 |     2 |     3 ||     6
       Ozocubu's Armour  |       |     3 |     8 ||    11
  Use: Scroll            |     2 |     4 |     3 ||     9
       Potion            |       |     6 |     2 ||     8
 Stab: Sleeping          |     1 |     1 |     1 ||     3
       Distracted        |       |       |     1 ||     1
  Eat: Chunk             |     2 |    10 |    11 ||    23
Armor: Robe              |    11 |     9 |       ||    20
       Leather armour    |       |    22 |   100 ||   122
Dodge: Dodged            |    39 |   106 |   284 ||   429

Table legend:
 A = Non-vault XP
 B = Vault XP
 C = Vault XP percentage of total XP
 D = Non-vault monster count
 E = Vault monster count
 F = Vault count percentage of total count
                 A         B        C        D         E       F
            +---------+---------+-------+---------+---------+-------
      Total |    2468 |    1239 |  33.4 |     142 |      14 |   9.0
            +---------+---------+-------+---------+---------+-------
        D:1 |      67 |       0 |   0.0 |      30 |       0 |   0.0
        D:2 |      82 |       0 |   0.0 |      18 |       0 |   0.0
        D:3 |      93 |       0 |   0.0 |      21 |       0 |   0.0
        D:4 |     327 |       0 |   0.0 |      14 |       0 |   0.0
        D:5 |     329 |     673 |  67.2 |      20 |       1 |   4.8
        D:6 |     332 |     562 |  62.9 |      13 |      11 |  45.8
        D:7 |    1235 |       4 |   0.3 |      25 |       2 |   7.4
        D:8 |       3 |       0 |   0.0 |       1 |       0 |   0.0
            +---------+---------+-------+---------+---------+-------
